Map: [ESL] Royal Blood

Players

HeroMarine

  • Race: Terran Terran
  • Spawn Location: 1:00

NightPhoenix - Winner!

  • Race: Protoss Protoss
  • Spawn Location: 7:00

Event: ESL SC2 Masters 2023 Summer (Regionals)

VOD

Have the link to the VOD?

Description

Time

  • Played on: May 4, 2023, 1:07 p.m.
  • Length: 8:07

All games in this series

Show
View Real Time Build Order
Export as new Build Order

HeroMarine Terran 

Build Orders:  

Get SALT Encoding   

  12  0:00  SCV  
  13  0:12  SCV  
  14  0:17  Supply Depot  
  14  0:24  SCV  
  15  0:39  Barracks, SCV  
  16  0:43  Refinery  
  16  0:51  SCV  
  16  0:52  Refinery  
  17  1:03  SCV  
  18  1:15  SCV  
  19  1:27  Orbital Command, Reaper, Supply Depot  
  20  1:43  Factory  
  20  1:53  SCV  
  21  2:00  Barracks Reactor  
  21  2:05  SCV  
  22  2:17  SCV  
  22  2:21  Command Center  
  23  2:29  SCV  
  26  2:30  Hellion  
  26  2:37  Marine x2  
  26  2:40  Supply Depot  
  26  2:42  SCV  
  29  2:53  Widow Mine  
  31  3:01  Marine x2, SCV  
  31  3:02  Starport  
  34  3:13  SCV  
  34  3:16  Factory Tech Lab  
  34  3:19  Marine x2  
  36  3:25  SCV  
  37  3:36  Cyclone  
  37  3:37  Marine x2  
  37  3:38  SCV  
  41  3:42  Medivac  
  43  3:50  SCV  
  43  3:54  Marine x2  
  43  3:55  Orbital Command  
  46  4:02  SCV  
  47  4:08  Cyclone  
  50  4:12  Liberator, Marine  
  54  4:18  Supply Depot  
  54  4:23  Marine, SCV x2  
  57  4:30  Marine  
  58  4:31  Supply Depot  
  58  4:36  SCV x2  
  60  4:40  Cyclone  
  60  4:41  Marine, Supply Depot  
  64  4:48  SCV x2  
  66  4:53  Marine  
  66  4:56  Viking  
  66  4:59  Marine  
  70  5:00  SCV x2  
  70  5:12  SCV  
  70  5:13  SCV, Marine  
  69  5:17  Marine, Cyclone  
  72  5:24  SCV  
  72  5:25  SCV  
  67  5:31  Marine  
  67  5:34  Marine  
  60  5:36  SCV  
  60  5:37  SCV  
  60  5:38  Starport Tech Lab  
  60  5:42  Command Center  
  62  5:48  Marine  
  61  5:52  Marine, Siege Tank  
  61  5:53  Barracks  
  61  5:54  SCV  
  61  5:56  SCV  
  60  5:59  Barracks  
  60  6:00  Engineering Bay  
  60  6:02  Raven  
  62  6:06  Marine  
  62  6:07  SCV  
  62  6:08  SCV  
  62  6:10  Marine  
  62  6:19  SCV  
  62  6:20  SCV  
  62  6:24  Marine, Siege Tank  
  63  6:28  Marine  
  63  6:31  SCV  
  62  6:33  SCV  
  59  6:42  Marine  
  59  6:43  SCV  
  59  6:45  SCV  
  59  6:46  Marine  
  54  6:47  Marine  
  54  6:48  Marine  
  54  6:49  Raven  
  58  6:55  SCV  
  58  6:56  Orbital Command  
  58  6:57  SCV  
  58  7:00  Marine  
  60  7:04  Marine, Refinery  
  60  7:05  Marine x2  
  60  7:07  SCV  
  60  7:09  SCV  
  60  7:10  Siege Tank  
  57  7:17  Marine  
  57  7:20  SCV  
  57  7:21  Marine  
  58  7:23  Marine x2  
  52  7:35  Marine  
  50  7:37  SCV x2  
  50  7:39  Marine  
  50  7:41  Marine x2  
  55  7:49  SCV  
Show
View Real Time Build Order
Export as new Build Order

NightPhoenix Protoss - Winner!

Build Orders: 1 Gate Expand, Phoenix Opening 

Get SALT Encoding   

  12  0:00  Probe  
  13  0:12  Probe  
  14  0:17  Pylon  
  14  0:24  Probe (Chrono Boost)  
  16  0:36  Probe (Chrono Boost), Gateway  
  16  0:42  Probe (Chrono Boost)  
  16  0:45  Assimilator  
  17  0:51  Probe  
  18  1:03  Probe  
  19  1:15  Probe  
  20  1:21  Nexus  
  20  1:33  Cybernetics Core  
  20  1:35  Probe  
  21  1:42  Assimilator  
  21  1:47  Probe  
  21  1:52  Pylon  
  22  1:59  Probe  
  23  2:08  Adept (Chrono Boost)  
  22  2:12  Probe  
  22  2:15  Stargate  
  25  2:21  Warp Gate  
  25  2:24  Probe  
  25  2:28  Adept (Chrono Boost)  
  26  2:33  Probe (Chrono Boost)  
  29  2:43  Probe (Chrono Boost)  
  31  2:45  Probe (Chrono Boost)  
  30  2:51  Probe (Chrono Boost)  
  30  2:53  Probe (Chrono Boost), Adept  
  30  2:58  Phoenix  
  36  3:01  Probe  
  36  3:05  Probe  
  38  3:07  Pylon  
  38  3:13  Probe  
  39  3:23  Phoenix  
  40  3:36  Probe x2  
  40  3:38  Assimilator  
  42  3:42  Robotics Facility  
  42  3:45  Pylon  
  42  3:48  Probe x2  
  44  3:53  Phoenix (Chrono Boost)  
  44  4:00  Probe x2  
  46  4:05  Gateway  
  46  4:09  Phoenix (Chrono Boost)  
  46  4:12  Probe x2  
  46  4:16  Gateway  
  50  4:24  Probe x2, Stalker  
  54  4:34  Phoenix  
  54  4:35  Pylon  
  56  4:41  Immortal (Chrono Boost)  
  60  4:47  Pylon  
  60  4:49  Probe  
  61  4:53  Stalker  
  61  4:57  Pylon  
  59  5:08  Stalker  
  59  5:14  Observer (Chrono Boost)  
  59  5:16  Stalker  
  59  5:17  Stalker  
  60  5:33  Phoenix  
  58  5:36  Warp Prism  
  58  5:37  Stalker  
  58  5:39  Probe x2  
  58  5:42  Assimilator  
  62  5:52  Probe x2  
  62  5:53  Stalker x2  
  68  5:57  Gateway  
  68  5:58  Gateway  
  68  6:00  Phoenix  
  70  6:05  Stalker  
  70  6:10  Probe  
  73  6:14  Pylon  
  72  6:19  Probe  
  71  6:31  Stalker x3  
  65  6:50  Probe  
  65  6:51  Probe  
  65  6:52  Nexus  
  65  6:57  Stalker x4  
  65  6:58  Stalker  
  75  7:03  Phoenix  
  73  7:21  Stalker  
  73  7:22  Stalker x4  
  83  7:25  Probe x2  
  85  7:37  Probe  
  85  7:42  Twilight Council  
  86  7:44  Forge  
  86  7:47  Pylon  
  86  7:52  Probe  
  86  7:55  Stalker  
  83  8:02  Stalker x2  
  83  8:05  Stalker  
Tags
 
Add a new tag
Caveats
  • Supply blocks, unpowered buildings, or Contaminate may cause inaccurate times.
  • Supply counts are checked every 10 seconds.